 Dungeon Crawl Stone Soup version 0.20.0-15-g7f486f2 (webtiles) character file.

617 JDdeen the Firebug (level 7, -4/52 HPs)
             Began as a Demonspawn Fire Elementalist on June 17, 2017.
             Shot with an arrow by a centaur (8 damage)
             ... on level 5 of the Dungeon.
             The game lasted 00:13:48 (3721 turns).

JDdeen the Firebug (Demonspawn Fire Elementalist)   Turns: 3721, Time: 00:13:49

Health: -4/52      AC:  2    Str:  9      XL:     7   Next: 21%
Magic:  13/13      EV: 14    Int: 18      God:
Gold:   164        SH:  0    Dex: 10 (13) Spells: 6/14 levels left

rFire    + . .     SeeInvis .   e - +2 short sword (venom)
rCold    . . .     Gourm    .   (no shield)
rNeg     . . .     Faith    .   a - +0 robe
rPois    .         Spirit   .   (helmet restricted)
rElec    .         Reflect  .   (no cloak)
rCorr    .         Harm     .   (no gloves)
MR       +....                  (no boots)
Stlth    ++........             (no amulet)
Regen    0.2/turn               h - ring of protection from fire
MPRegen  0.2/turn               m - ring of protection from magic

@: no status effects
A: horns 1, repulsion field 1, demonic guardian 1, powered by death 1
a: no special abilities


You were on level 5 of the Dungeon.
You were hungry.

You visited 1 branch of the dungeon, and saw 5 of its levels.

You collected 164 gold pieces.

Inventory:

Hand Weapons
 e - a +2 short sword of venom (weapon)
Armour
 a - a +0 robe (worn)
Magical Staves
 n - an uncursed staff of death
Jewellery
 h - a ring of protection from fire (left hand)
 m - a ring of protection from magic (right hand)
Scrolls
 d - 2 scrolls of identify
 g - 5 scrolls of remove curse
 i - 2 scrolls of magic mapping
 o - a scroll of teleportation
Potions
 k - a potion of resistance
 l - a potion of heal wounds
 p - a potion of lignification
 r - a potion of curing {unknown}
Books
 b - a book of Flames

   Spells                             Type                      Level
   a - Flame Tongue                   Conjuration/Fire             1
   b - Throw Flame                    Conjuration/Fire             2
   c - Conjure Flame                  Conjuration/Fire             3
   d - Inner Flame                    Hexes/Fire                   3
   e - Sticky Flame                   Conjuration/Fire             4
   f - Fireball                       Conjuration/Fire             5
Comestibles
 c - 4 bread rations
 f - a royal jelly
 j - 2 meat rations


   Skills:
 + Level 3.1 Fighting
 - Level 1.7 Dodging
 - Level 2.5 Stealth
 + Level 4.2 Spellcasting
 + Level 3.8 Conjurations
 + Level 4.2 Fire Magic


You had 6 spell levels left.
You knew the following spells:

 Your Spells              Type           Power        Failure   Level  Hunger
a - Flame Tongue          Conj/Fire      ###..        2%          1    None
b - Conjure Flame         Conj/Fire      ###.....     9%          3    ###....
c - Sticky Flame          Conj/Fire      ###.....     26%         4    ####...


Dungeon Overview and Level Annotations

Branches:
Dungeon (5/15)
 Temple: D:4-7

Altars:
Elyvilon
Kikubaaqudgha

Annotations:
D:3 Terence


Innate Abilities, Weirdness & Mutations

You have a pair of small horns on your head.
You are surrounded by a mild repulsion field. (EV +2)
A weak demonic guardian rushes to your aid.
You regenerate a little health from kills.


Message History

Your quasit claws the centaur but does no damage.
You see here an arrow.
The centaur shoots an arrow.
The arrow hits your quasit!
Your quasit bites the centaur but does no damage.
Your quasit barely misses the centaur.
Your quasit claws the centaur but does no damage.
There is a stone staircase leading up, spattered with blood here.
You see here 2 arrows.
The centaur shoots an arrow.
The arrow closely misses your quasit. The arrow hits you!
Your quasit bites the centaur.
Your quasit claws the centaur but does no damage. x2
The centaur shoots an arrow.
The arrow hits your quasit.
Your quasit bites the centaur but does no damage.
Your quasit claws the centaur but does no damage. x2
The centaur shoots an arrow.
The arrow hits your quasit!
Your quasit dies!
The centaur shoots an arrow.
The arrow hits you!
* * * LOW HITPOINT WARNING * * *
The centaur shoots an arrow.
The arrow hits you!
You die...

.. .. ..#. #.#
##.... #.#
###......
#.###....c...
##.>....(....
##...?........
##.><..........
##......@.......
#......((.......
......(.........
................
....$.<.........
................
................
...........>....
...............


You could see a centaur.

Vanquished Creatures
  Menkaure (D:4)
  2 phantoms (D:4)
  A scorpion (D:4)
  A hound (D:5)
  A quasit (D:5)
  A bullfrog skeleton (D:4)
  4 worker ants (D:4)
  A gnoll (D:4)
  2 adders
  3 oozes
  A dart slug (D:2)
  3 leopard geckos
  An orc (D:3)
  A ball python (D:3)
  A giant cockroach (D:3)
  4 goblins
  9 hobgoblins
  7 kobolds
  A quokka (D:3)
  12 bats
  3 frilled lizards
  12 rats
  A rat zombie (D:2)
73 creatures vanquished.

Notes
Turn   | Place    | Note
-------+----------+-------------------------------------------
     0 | D:1      | JDdeen the Demonspawn Fire Elementalist began the quest for the Orb.
     0 | D:1      | Reached XP level 1. HP: 13/13 MP: 3/3
   377 | D:1      | Gained mutation: You regenerate a little health from kills. [demonic ancestry]
   377 | D:1      | Reached XP level 2. HP: 19/19 MP: 1/5
   787 | D:2      | Reached XP level 3. HP: 24/24 MP: 2/6
   946 | D:2      | Found a faded altar of an unknown god.
  1251 | D:2      | Found an ancient bone altar of Kikubaaqudgha.
  1391 | D:3      | Learned a level 3 spell: Conjure Flame
  1394 | D:3      | Gained mutation: You have a pair of small horns on your head. [demonic ancestry]
  1394 | D:3      | Reached XP level 4. HP: 27/30 MP: 8/8
  1583 | D:3      | Learned a level 4 spell: Sticky Flame
  1593 | D:3      | Noticed Terence
  1632 | D:3      | Noticed a big kobold
  1701 | D:3      | Found a white marble altar of Elyvilon.
  1748 | D:3      | Reached skill level 1 in Fighting
  2053 | D:4      | Noticed a phantom
  2077 | D:4      | Killed a phantom
  2077 | D:4      | Gained mutation: You are surrounded by a mild repulsion field. (EV +2) [demonic ancestry]
  2077 | D:4      | Reached XP level 5. HP: 23/38 MP: 2/9
  2196 | D:4      | Noticed Menkaure
  2239 | D:4      | Killed Menkaure
  2239 | D:4      | Gained mutation: A weak demonic guardian rushes to your aid. [demonic ancestry]
  2239 | D:4      | Reached XP level 6. HP: 18/46 MP: 0/11
  3339 | D:4      | Reached XP level 7. HP: 47/52 MP: 4/13
  3565 | D:5      | Entered Level 5 of the Dungeon
  3721 | D:5      | Shot with an arrow by a centaur

Skill      XL: |  1  2  3  4  5  6 |
---------------+-------------------+-----
Stealth        | 2 |  2.5
Conjurations   | 2 3 |  3.8
Fire Magic     | 3 4 |  4.2
Fighting       | 1 2 3 |  3.1
Spellcasting   | 3 4 |  4.2
Dodging        | |  1.7

Action                   |  1- 3 |  4- 6 |  7- 9 || total
-------------------------+-------+-------+-------++-------
Melee: Hand axe          |    12 |       |       ||    12
       Short sword       |    44 |    45 |     8 ||    97
       Headbutt          |       |     4 |     1 ||     5
 Cast: Flame Tongue      |    57 |    40 |     2 ||    99
       Conjure Flame     |       |     3 |       ||     3
       Sticky Flame      |       |     1 |     3 ||     4
  Use: Scroll            |     5 |     3 |       ||     8
       Potion            |       |     1 |       ||     1
 Stab: Sleeping          |     1 |     3 |       ||     4
       Distracted        |       |     1 |       ||     1
  Eat: Chunk             |     2 |     7 |     1 ||    10
Armor: Robe              |    18 |    10 |     5 ||    33
Dodge: Dodged            |    64 |    41 |    19 ||   124
